 Dungeon Crawl Stone Soup version 0.13.0-13-g27bfa31 (webtiles) character file.

2855 Lilouch the Basher (level 9, -1/52 HPs)
             Began as a Gargoyle Fighter on Oct 19, 2013.
             Was an Initiate of Okawaru.
             Hit by a stone thrown by an orc warrior (5 damage)
             ... on Level 6 of the Dungeon.
             The game lasted 00:32:28 (5423 turns).

Lilouch the Basher (Gargoyle Fighter)               Turns: 5423, Time: 00:32:29

HP  -1/52        AC 22     Str 22      XL: 9   Next: 58%
MP  10/10        EV  5     Int 10      God: Okawaru [......]
Gold 268         SH 19     Dex  9      Spells:  0 memorised,  8 levels left

Res.Fire  : . . .   See Invis. : .   s - +1 dwarf flail
Res.Cold  : . . .   Warding    : .   i - +0 chain mail
Life Prot.: + . .   Conserve   : .   c - +0 shield
Res.Poison: +       Res.Corr.  : .   (no helmet)
Res.Elec. : +       Clarity    : .   B - +0 cloak
Sust.Abil.: . .     Spirit.Shd : .   p - +1 pair of gloves
Res.Mut.  : .       Rnd.Telep. : +   P - +0 pair of boots
Res.Rott. : +       Flight     : .   (no amulet)
Saprovore : . . .                    M - ring of sustenance
                                     y - ring of teleportation

@: slightly resistant to hostile enchantments, extremely unstealthy
A: fangs 1, talons 2, life protection 1, electricity resistance, slow metabolism
1, unbreathing, petrification resistance, AC +5
a: Renounce Religion, Evoke Teleportation


You were on level 6 of the Dungeon.
You worshipped Okawaru.
Okawaru was noncommittal.
You were not hungry.

You visited 2 branches of the dungeon, and saw 8 of its levels.

You collected 248 gold pieces.

Inventory:

Hand weapons
 s - a +1,+1 dwarven flail (weapon)
 A - a +0,+1 whip of flaming
 I - a +3,-1 elven dagger of chaos
Missiles
 m - 44 poisoned needles
 r - 15 darts of dispersal (quivered)
 L - 8 poisoned arrows
Armour
 c - a +0 shield (worn)
 i - a +0 chain mail (worn)
 p - a +1 pair of gloves (worn)
 B - a +0 cloak (worn)
 G - a +0 plate armour
 P - a +0 pair of boots (worn)
Magical devices
 N - a wand of fire (7)
Comestibles
 d - 4 bread rations
 g - 2 pears
 k - 2 apples
 x - 2 meat rations
 C - a choko
Scrolls
 e - 2 scrolls of amnesia {unknown}
 f - 3 scrolls of magic mapping
 h - a scroll of enchant armour {unknown}
 j - 4 scrolls of remove curse
 n - a scroll of recharging {unknown}
 o - 3 scrolls of teleportation {unknown}
 q - 3 scrolls of identify {unknown}
 t - 2 scrolls of noise {unknown}
 u - 2 scrolls of enchant weapon II {unknown}
 v - a scroll of curse armour {unknown}
 D - a scroll of blinking {unknown}
 E - a scroll of enchant weapon I {unknown}
 F - a scroll of fog {unknown}
 J - a scroll of curse jewellery {unknown}
Jewellery
 y - a ring of teleportation (left hand)
 M - a ring of sustenance (right hand)
 O - an uncursed ring of protection from cold {unknown}
Potions
 a - 2 potions of magic {unknown}
 w - a potion of poison {unknown}
 z - 4 potions of curing
 H - a potion of heal wounds {unknown}
 K - 2 potions of speed {unknown}


   Skills:
 - Level 3.2 Fighting
 - Level 10.6 Maces & Flails
 + Level 9.0 Armour
 * Level 1.3 Dodging
 + Level 3.9 Shields
 + Level 1.5 Evocations


You had 8 spell levels left.
You didn't know any spells.

Dungeon Overview and Level Annotations

Branches:
Dungeon (7/27)             Temple (1/1) D:7
    Orc: D:6-11

Altars:
Ashenzari
Cheibriados
Fedhas
Kikubaaqudgha
Makhleb
Nemelex Xobeh
Okawaru
Sif Muna
Trog
Vehumet
Xom
Yredelemnul
Zin
the Shining One

Shops:
D:5 *

Annotations:
D:7 WildSam's ghost, experienced DsWn


Innate Abilities, Weirdness & Mutations

You are resistant to torment.
You are immune to poison.
Your stone body is very resilient (AC +5).
You have very sharp teeth.
You have razor-sharp toenails.
You resist negative energy.
You are resistant to electric shocks.
You have a slow metabolism.
You can survive without breathing.
You are immune to petrification.


Message History

Your bite misses the orc warrior.
The orc warrior hits you but does no damage.
You closely miss the orc warrior. You barely miss the orc warrior.
The orc warrior hits you with an orcish great mace!
Your shield and chain mail prevent you from hitting the orc warrior.
The orc warrior hits you but does no damage.
All of the chunks of flesh in your inventory have completely rotted away.
You hit the orc warrior.
The orc warrior is lightly wounded.
The orc warrior hits you with an orcish great mace.
* * * LOW HITPOINT WARNING * * *
You closely miss the orc warrior.
The orc warrior is lightly wounded.
You hit the orc warrior. Your bite misses the orc warrior.
The orc warrior is moderately wounded.
The orc warrior hits you with an orcish great mace!
* * * LOW HITPOINT WARNING * * *
The orc warrior throws a stone.
The stone hits you!
You die...

####..## #...............#
......######...............#
.....>............########.#
..................# #.#
######...#######..# #.#
#...#.....#..# #.#
#...#.%...#..# #.#
#...#.....#..# #.#
#...'.....#@.# #.#
#...#.....#).# #.#
#.).#######o.# #.#
######....o.......# #.#
..................########.#
...........................#
...........................#
...o.......................#
############################


You could see an orc warrior.

Vanquished Creatures
  Pikel (D:5)
  Eustachio (D:5)
  2 orc warriors (D:6)
  A slave (D:5)
  4 ogres
  A phantom (D:4)
  A centaur (D:6)
  A big kobold (D:5)
  3 giant frogs
  A manticore zombie (D:7)
  4 jellyfish (D:6)
  An electric eel (D:6)
  A hound (D:5)
  7 crimson imps
  2 orc wizards
  A jelly (D:6)
  4 orc priests
  A quasit (D:7)
  A water moccasin zombie (D:6)
  A gnoll shaman (D:5)
  A scorpion (D:7)
  An iguana (D:4)
  A worker ant (D:6)
  Ijyb (D:5)
  Jessica (D:3)
  3 gnolls (D:5)
  5 adders
  2 giant mites
  A worm (D:6)
  An adder skeleton (D:6)
  A grey rat (D:5)
  3 giant geckos
  16 orcs
  5 giant cockroaches
  14 goblins
  10 hobgoblins
  7 jackals
  4 quokkas
  12 bats
  5 giant newts
  A gnoll skeleton (D:6)
  10 kobolds
  10 rats
  A rat skeleton (D:5)
155 creatures vanquished.

Vanquished Creatures (others)
  A crimson imp (D:5)
1 creature vanquished.

Grand Total: 156 creatures vanquished

Notes
Turn   | Place    | Note
--------------------------------------------------------------
     0 | D:1      | Lilouch, the Gargoyle Fighter, began the quest for the Orb.
     0 | D:1      | Reached XP level 1. HP: 14/14 MP: 0/0
   172 | D:1      | Reached XP level 2. HP: 16/19 MP: 1/1
   510 | D:2      | Found a deep blue altar of Sif Muna.
   645 | D:2      | Reached XP level 3. HP: 24/24 MP: 2/2
   881 | D:2      | Reached skill level 4 in Maces & Flails
   944 | D:2      | Found a burning altar of Makhleb.
   944 | D:2      | Found a sparkling altar of Nemelex Xobeh.
  1309 | D:3      | Reached XP level 4. HP: 28/28 MP: 3/3
  1313 | D:3      | Noticed Jessica
  1324 | D:3      | Killed Jessica
  1324 | D:3      | Reached skill level 5 in Maces & Flails
  1851 | D:4      | Reached XP level 5. HP: 31/33 MP: 4/4
  1890 | D:4      | Noticed a phantom
  1931 | D:4      | Killed a phantom
  1931 | D:4      | Reached skill level 6 in Maces & Flails
  1982 | D:4      | Reached XP level 6. HP: 28/38 MP: 5/5
  2064 | D:4      | Noticed an ogre
  2075 | D:4      | Killed an ogre
  2075 | D:4      | Reached skill level 7 in Maces & Flails
  2594 | D:4      | Noticed an ogre
  2602 | D:4      | Killed an ogre
  2618 | D:4      | Noticed an ogre
  2633 | D:5      | Entered Level 5 of the Dungeon
  2657 | D:5      | Reached skill level 8 in Maces & Flails
  2657 | D:5      | Reached XP level 7. HP: 22/42 MP: 6/6
  2783 | D:4      | Killed an ogre
  2822 | D:4      | Found a radiant altar of Vehumet.
  3033 | D:5      | Noticed Pikel
  3046 | D:5      | Killed Pikel
  3046 | D:5      | Reached skill level 10 in Maces & Flails
  3046 | D:5      | Reached XP level 8. HP: 44/48 MP: 7/7
  3084 | D:5      | Found Kuahasif's Assorted Antiques.
  3090 | D:5      | Noticed Ijyb
  3100 | D:5      | Killed Ijyb
  3140 | D:5      | Found a shimmering altar of Xom.
  3278 | D:5      | Noticed Eustachio
  3300 | D:5      | Killed Eustachio
  3309 | D:5      | Reached skill level 5 in Armour
  3897 | D:6      | Reached XP level 9. HP: 52/52 MP: 8/8
  4137 | D:6      | Found a glowing silver altar of Zin.
  4731 | D:7      | Found a staircase to the Ecumenical Temple.
  4757 | Temple   | Entered the Ecumenical Temple
  4791 | Temple   | Became a worshipper of Warmaster Okawaru
  4877 | D:7      | Noticed WildSam's ghost (experienced DsWn)
  5245 | D:6      | Reached skill level 1 in Dodging
  5245 | D:6      | Reached skill level 1 in Evocations
  5423 | D:6      | Hit by a stone thrown by an orc warrior

Action                   |  1- 3 |  4- 6 |  7- 9 || total
-------------------------+-------+-------+-------++-------
Melee: Mace              |    43 |       |       ||    43
       Flail             |    52 |   162 |   317 ||   531
       Dagger            |       |       |     4 ||     4
Throw: Stone             |       |       |    29 ||    29
Evoke: Wand              |       |     3 |    22 ||    25
  Use: Scroll            |       |     3 |     2 ||     5
       Potion            |       |       |     1 ||     1
